 Dungeon Crawl Stone Soup version 0.23-a0-356-g1757c6e (webtiles) character file.

15901 namelastname112 the Fighter (level 12, -8/113 HPs)
             Began as a Pale Draconian Wanderer on Oct 21, 2018.
             Was an Initiate of Gozag.
             Mangled by an unseen horror (10 damage)
             ... on level 11 of the Dungeon.
             The game lasted 00:19:14 (12004 turns).

namelastname112 the Fighter (DrWn)                 Turns: 12004, Time: 00:19:15

Health: -8/113     AC: 11    Str: 15    XL:     12   Next: 5%
Magic:  12/12      EV: 17    Int: 17    God:    Gozag
Gold:   529        SH:  0    Dex: 11    Spells: 11/11 levels left

rFire    + + .     SeeInvis .   t - +5 quarterstaff (drain)
rCold    . . .     Gourm    .   (shield currently unavailable)
rNeg     . . .     Faith    .   (armour unavailable)
rPois    .         Spirit   .   (helmet restricted)
rElec    .         Reflect  .   C - +1 cloak
rCorr    .         Harm     .   x - +0 pair of gloves
MR       .....                  (no boots)
Stlth    +.........             (no amulet)
HPRegen  0.28/turn              p - ring of protection from fire
MPRegen  0.13/turn              y - ring of protection from fire

@: short of breath
A: breathe steam, unfitting armour, cold-blooded, AC +8
a: Breathe Steam, Potion Petition, Call Merchant, Bribe Branch, Renounce
Religion


You were on level 11 of the Dungeon.
You worshipped Gozag.
Gozag was pleased with you.
You were not hungry.

You visited 2 branches of the dungeon, and saw 12 of its levels.

You collected 1422 gold pieces.
You spent 65 gold pieces at shops.
You paid 828 gold pieces to Gozag.

Inventory:

Hand Weapons
 t - a +5 quarterstaff of draining (weapon)
Armour
 x - a +0 pair of gloves (worn)
 C - a +1 cloak (worn)
Jewellery
 p - a ring of protection from fire (left hand)
 q - an uncursed ring of wizardry
 y - a ring of protection from fire (right hand)
Wands
 s - a wand of flame (18)
 z - a wand of acid (6)
Scrolls
 a - 2 scrolls of magic mapping
 c - 4 scrolls of teleportation
 e - 3 scrolls of enchant weapon
 g - a scroll of immolation
 h - 4 scrolls of identify
 m - 3 scrolls of amnesia
 o - 6 scrolls of remove curse
 u - a scroll of enchant armour {unknown}
 v - 2 scrolls of fear
Potions
 b - 3 potions of flight
 f - a potion of mutation
 i - a potion of might
 j - a potion of invisibility
 k - a potion of brilliance
 l - a potion of curing
 n - 3 potions of haste
 r - a potion of heal wounds
 w - a potion of agility
 A - a potion of resistance
 B - 2 potions of lignification
Comestibles
 d - 23 rations


   Skills:
 + Level 12.4 Fighting
   Level 2.0(2.4) Axes
   Level 2.0(8.3) Maces & Flails
 * Level 12.2 Staves
 + Level 10.0 Dodging
   Level 1.0 Shields
 - Level 1.1 Evocations


You had 11 spell levels left.
You didn't know any spells.
Your spell library contained the following spells:

 Spells                   Type           Power        Failure   Level  Hunger
 Corona                   Hex            #......      24%         1    ##.....
 Slow                     Hex            #.......     34%         2    ###....
 Inner Flame              Hex/Fire       #.......     56%         3    ####...
 Portal Projectile        Hex/Tloc       #.....       56%         3    ####...
 Cause Fear               Hex            #.........   93%         4    #####..
 Leda's Liquefaction      Hex/Erth       #.........   93%         4    #####..


Dungeon Overview and Level Annotations

Branches:
Dungeon (11/15)            Temple (1/1) D:7            Lair (0/6) D:10
    Orc (0/2) D:11

Altars:
Ashenzari
Elyvilon
Fedhas
Gozag
Hepliaklqana
Kikubaaqudgha
Makhleb
Qazlal
Sif Muna
Trog
Uskayaw
Wu Jian
Xom
Yredelemnul

Shops:
D:4 !*   D:11 (

Annotations:
D:3 Robin


Innate Abilities, Weirdness & Mutations

You can breathe blasts of scalding, opaque steam.
Your pale cyan-grey scales are hard. (AC +8)
You cannot fit into any form of body armour.
You are cold-blooded and may be slowed by cold attacks.


Message History

You feel somewhat more hungry.
The tengu warrior is engulfed in a cloud of scalding steam.
The tengu warrior misses you. The tengu warrior pecks you.
* * * LOW HITPOINT WARNING * * *
The tengu warrior claws you.
* * * LOW HITPOINT WARNING * * *
You take 7 damage, and have 14/113 hp.
You closely miss the tengu warrior.
Your tail-slap misses the tengu warrior.
The tengu warrior is almost dead.
You miss the tengu warrior.
The tengu warrior is almost dead.
The tengu warrior is engulfed in a cloud of scalding steam.
The tengu warrior hits you with a +0 battleaxe!
* * * LOW HITPOINT WARNING * * *
The tengu warrior misses you. The tengu warrior claws you.
* * * LOW HITPOINT WARNING * * *
Something hits you!
You die...
Your body crumbles into a pile of gold.

............# #..#
.######.###.###..#
.# #.# #.$....# .#
#.# #......# .#
#.# #....).# .#
#.# #.####.# .#
#.# #.# #ยง# .#
#># #$# #Q# .# #$#
#@# .#
##.$####[#### .#
#...........# .#
#.####.####.# .#
#. ... # .#
..#.... ## ##
#.... .....8
#.#....


You could see a tengu warrior.

Vanquished Creatures
  A centaur warrior (D:11)
  3 unseen horrors
  Pikel (D:8)
  The ghost of tilp the Chiller, a novice MfIE (D:6)
  5 ugly things
  A centaur zombie (D:11)
  Joseph (D:8)
  A centaur skeleton (D:11)
  2 trolls
  3 hippogriffs
  Grinder (D:3)
  Sigmund (D:2)
  2 wyverns
  8 yaks
  3 hogs (D:7)
  A human (D:7)
  Grum (D:11)
  2 hungry ghosts
  Menkaure (D:5)
  2 water moccasins (D:10)
  Purgy (D:3)
  A black bear (D:6)
  A slave (D:8)
  4 phantoms
  4 sky beasts
  5 ice beasts
  4 orc warriors
  5 ogres
  A necrophage (D:11)
  3 wolves (D:11)
  A crocodile (D:6)
  3 centaurs
  A big kobold (D:8)
  5 bullfrogs
  A gnoll sergeant (D:8)
  A wyvern skeleton (D:11)
  5 scorpions
  A water moccasin skeleton (D:8)
  4 wights (D:7)
  4 howler monkeys
  A lava snake (D:9)
  3 bullfrog zombies
  5 crimson imps
  A bullfrog skeleton (D:4)
  A quasit (D:7)
  Crazy Yiuf (D:3)
  5 jellies
  9 orc priests
  7 hounds
  Terence (D:2)
  6 iguanas
  Natasha (twice) (D:2)
  17 orc wizards
  4 worker ants
  2 hound zombies
  A worker ant zombie (D:10)
  15 adders
  11 gnolls
  A hound simulacrum (D:11)
  2 shadow imps
  2 oozes
  An adder zombie (D:5)
  An adder skeleton (D:6)
  4 worms
  2 dart slugs (D:1)
  4 leopard geckos
  38 orcs
  5 giant cockroaches
  11 goblins
  10 hobgoblins
  10 jackals
  5 quokkas
  2 ball pythons (D:4)
  5 bats
  6 frilled lizards
  A jackal zombie (D:6)
  14 kobolds
  A quokka skeleton (D:4)
  4 rats
317 creatures vanquished.

Vanquished Creatures (others)
  3 slaves (D:8)
  A centaur (D:8)
  A bullfrog zombie (D:8)
  A hound zombie (D:7)
  A gnoll (D:8)
7 creatures vanquished.

Grand Total: 324 creatures vanquished

Notes
Turn   | Place    | Note
-------+----------+-------------------------------------------
     0 | D:1      | namelastname112 the Draconian Wanderer began the quest for
                  | the Orb.
     0 | D:1      | namelastname112 set off with: a +2 mace, a potion of
                  | lignification, a scroll of teleportation, a ration
     0 | D:1      | Reached XP level 1. HP: 22/22 MP: 1/1
   215 | D:1      | Reached skill level 1 in Dodging
   215 | D:1      | Reached XP level 2. HP: 26/28 MP: 2/2
  1025 | D:2      | Reached skill level 5 in Fighting
  1025 | D:2      | Reached XP level 3. HP: 24/36 MP: 3/3
  1266 | D:2      | Reached XP level 4. HP: 37/42 MP: 4/4
  1406 | D:2      | Noticed Terence
  1423 | D:2      | Killed Terence
  1777 | D:2      | Noticed Sigmund
  1798 | D:2      | Killed Sigmund
  1798 | D:2      | Reached XP level 5. HP: 51/51 MP: 5/5
  1798 | D:2      | Reached XP level 6. HP: 58/58 MP: 6/6
  1835 | D:2      | Noticed Natasha
  1849 | D:2      | Killed Natasha
  1854 | D:2      | Noticed Natasha
  1866 | D:2      | Killed Natasha
  2334 | D:3      | Noticed Grinder
  2649 | D:3      | Noticed Robin
  2649 | D:3      | Noticed Purgy
  3233 | D:4      | Your scales start taking on a pale cyan-grey colour.
  3233 | D:4      | Reached XP level 7. HP: 57/66 MP: 7/7
  3488 | D:3      | Paralysed by Grinder for 5 turns
  3494 | D:3      | Killed Grinder
  3494 | D:3      | Reached skill level 5 in Dodging
  3884 | D:3      | Found a bloodstained altar of Trog.
  3938 | D:3      | Found a runed door.
  4153 | D:3      | Killed Purgy
  4374 | D:3      | Noticed Crazy Yiuf
  4377 | D:3      | Killed Crazy Yiuf
  4483 | D:4      | Reached XP level 8. HP: 61/75 MP: 8/8
  4501 | D:4      | Reached skill level 1 in Staves
  4826 | D:4      | Found Happ's Distillery.
  4834 | D:4      | Bought a potion of heal wounds for 65 gold pieces
  4978 | D:4      | Found Satos's Serpentskin Sales.
  5071 | D:5      | Entered Level 5 of the Dungeon
  5071 | D:5      | Noticed Menkaure
  5076 | D:5      | Killed Menkaure
  5362 | D:5      | Reached skill level 5 in Staves
  5362 | D:5      | Reached XP level 9. HP: 36/83 MP: 9/9
  5699 | D:4      | Found a hide-covered altar of Uskayaw.
  6993 | D:6      | Noticed tilp's ghost (novice MfIE)
  6995 | D:6      | Found a runed door.
  7017 | D:6      | Killed tilp's ghost
  7017 | D:6      | Reached skill level 10 in Fighting
  7131 | D:6      | You fall through a shaft!
  7140 | D:7      | Found a blossoming altar of Fedhas.
  7545 | D:6      | Found a shimmering altar of Xom.
  7545 | D:6      | Found an ornate altar of the Wu Jian Council.
  7755 | D:6      | Reached XP level 10. HP: 85/93 MP: 10/10
  7967 | D:7      | Found a staircase to the Ecumenical Temple.
  8164 | Temple   | Entered the Ecumenical Temple
  8284 | Temple   | Became a worshipper of Gozag Ym Sagoz the Greedy
  8658 | D:8      | Identified the +4 flail of the Unliving {freeze, rC+}
  8715 | D:8      | Noticed Joseph
  8729 | D:8      | Killed Joseph
  8773 | D:8      | Noticed Pikel
  8780 | D:8      | Killed Pikel
  8808 | D:8      | Noticed a green ugly thing
  8817 | D:8      | Killed a green ugly thing
  9640 | D:9      | Reached skill level 10 in Staves
  9687 | D:9      | Reached XP level 11. HP: 42/102 MP: 11/11
 10228 | D:10     | Entered Level 10 of the Dungeon
 10607 | D:10     | Killed an unseen horror
 10725 | D:10     | Found a staircase to the Lair.
 11023 | D:11     | Noticed a purple ugly thing
 11036 | D:11     | Killed a purple ugly thing
 11152 | D:11     | Noticed Grum
 11171 | D:11     | Killed Grum
 11458 | D:11     | Noticed a cyan ugly thing
 11465 | D:11     | Killed a cyan ugly thing
 11602 | D:11     | Found a staircase to the Orcish Mines.
 11634 | D:11     | Noticed a tengu warrior
 11634 | D:11     | Noticed a brown ugly thing
 11635 | D:11     | Noticed a brown ugly thing
 11896 | D:11     | Noticed a centaur warrior
 11902 | D:11     | Killed a centaur warrior
 11912 | D:11     | Killed a green ugly thing
 11916 | D:11     | Killed a green ugly thing
 11958 | D:11     | Killed an unseen horror
 11958 | D:11     | Reached XP level 12. HP: 78/113 MP: 12/12
 11960 | D:11     | Reached skill level 10 in Dodging
 12004 | D:11     | HP: 2/113 [tengu warrior/+0 battleaxe (5)]
 12004 | D:11     | Mangled by an unseen horror

Vault maps used:
D:1:      sevenhm_arrival_forest_fort_large_4, item_on_display_a
D:2:      wad_crossroads, first_ration, kennysheep_generic_room_3, uniq_natasha,
          uniq_terence, uniq_sigmund
D:3:      hangedman_abyss_or_decor_stabs, minmay_misc_feat_secret_circle,
          trog_book, uniq_crazy_yiuf_cottage, uniq_grinder, uniq_robin,
          uniq_purgy
D:4:      lemuel_upstairs_altar, serial_shops, nicolae_shop_statue_plus,
          guppyfry_shop_venom
D:5:      uniq_menkaure
D:6:      minitemple, hellmonk_ghost_happy_afterlife
D:7:      lemuel_crystal_altar, temple_hall, grunt_livestock, nrook_mini_vaults,
          chequers_serial_rivers_micro_d
D:8:      chequers_serial_rivers_marsh, uniq_joseph, uniq_pikel
D:9:      nicolae_lava_and_water
D:10:     lair_entry_dummy, serial_bayou_pond_a, minmay_misc_feat_square
D:11:     orc_0_dummy, minivault_28, uniq_grum
Temple:   nicolae_temple_figure_zero

Skill      XL: |  1  2  3  4  5  6  7  8  9 10 11 12 |
---------------+-------------------------------------+-----
Dodging        | 1 2 3 4 5 6 7 8 9 10 | 10.0
Fighting       | 5 6 7 8 9 10 11 12 | 12.4
Staves         | 5 7 10 12 | 12.2
Axes           | |  2.0
Maces & Flails | |  2.0
Shields        | |  1.0
Evocations     | |  1.1

Action                   |  1- 3 |  4- 6 |  7- 9 | 10-12 || total
-------------------------+-------+-------+-------+-------++-------
Melee: Mace              |    78 |   169 |    27 |       ||   274
       Tailslap          |     8 |    18 |    21 |    49 ||    96
       Unarmed           |       |    13 |       |       ||    13
       Flail             |       |       |    26 |       ||    26
       Quarterstaff      |       |       |   247 |   428 ||   675
Invok: Call Merchant     |       |       |       |     1 ||     1
 Abil: Breathe Steam     |       |       |    19 |    20 ||    39
Evoke: Wand              |       |       |       |     3 ||     3
  Use: Potion            |       |     3 |       |       ||     3
       Scroll            |       |       |     9 |     9 ||    18
 Stab: Confused          |       |       |     1 |     1 ||     2
       Distracted        |       |       |     2 |     1 ||     3
       Petrifying        |       |       |     1 |       ||     1
       Sleeping          |       |       |     1 |       ||     1
       Paralysed         |       |       |       |     4 ||     4
       Petrified         |       |       |       |     3 ||     3
  Eat: Chunk             |     1 |     5 |    26 |     4 ||    36
       Ration            |       |       |       |     3 ||     3
Armor: Skin              |    16 |    61 |    83 |   104 ||   264
Dodge: Dodged            |    60 |   179 |   237 |   271 ||   747

Table legend:
 A = Non-vault XP
 B = Vault XP
 C = Vault XP percentage of total XP
 D = Non-vault monster count
 E = Vault monster count
 F = Vault count percentage of total count
                 A         B        C        D         E       F
            +---------+---------+-------+---------+---------+-------
      Total |   14363 |    8354 |  36.8 |     271 |      47 |  14.8
            +---------+---------+-------+---------+---------+-------
        D:1 |      22 |       0 |   0.0 |      14 |       0 |   0.0
        D:2 |     133 |     323 |  70.8 |      20 |       8 |  28.6
        D:3 |     236 |     471 |  66.6 |      24 |      14 |  36.8
        D:4 |    1068 |      16 |   1.5 |      31 |       2 |   6.1
        D:5 |    1378 |     165 |  10.7 |      36 |       1 |   2.7
        D:6 |    1197 |     571 |  32.3 |      28 |       1 |   3.4
        D:7 |     950 |     948 |  49.9 |      17 |       5 |  22.7
        D:8 |    1726 |    1041 |  37.6 |      29 |       2 |   6.5
        D:9 |    1380 |       0 |   0.0 |      22 |       0 |   0.0
       D:10 |    1836 |       0 |   0.0 |      15 |       0 |   0.0
       D:11 |    4437 |    4819 |  52.1 |      35 |      14 |  28.6
            +---------+---------+-------+---------+---------+-------
